Workbook

Sheet Tableau de bord
B2: TABLEAU DE BORD – SYNTHÈSE 2027
B4: 📍 KILOMÉTRAGE & DISTANCES
B5: Km total parcouru (2027) | E5: =IFERROR(SUM('Suivi trajets'!H6:H500),0) -> 4650
B6: Km professionnels | E6: =IFERROR(SUMIF('Suivi trajets'!I6:I500,"Professionnel",'Suivi trajets'!H6:H500)+SUMIF('Suivi trajets'!I6:I500,"Déplacement client",'Suivi trajets'!H6:H500)+SUMIF('Suivi trajets'!I6:I500,"Formation",'Suivi trajets'!H6:H500)+SUMIF('Suivi trajets'!I6:I500,"Domicile-Travail",'Suivi trajets'!H6:H500)+SUMIF('Suivi trajets'!I6:I500,"Livraison",'Suivi trajets'!H6:H500),0) -> 2120
B7: Km personnels | E7: =IFERROR(SUMIF('Suivi trajets'!I6:I500,"Personnel",'Suivi trajets'!H6:H500),0) -> 205
B8: Nombre de trajets | E8: =IFERROR(COUNTA('Suivi trajets'!B6:B500),0) -> 26
B10: ⛽ CARBURANT
B11: Litres consommés total | E11: =IFERROR(SUM('Suivi carburant'!F6:F200),0) -> 748
B12: Dépense carburant totale | E12: =IFERROR(SUM('Suivi carburant'!H6:H200),0) -> 1297.4622
B13: Prix moyen au litre | E13: =IFERROR(AVERAGE('Suivi carburant'!G6:G200),0) -> 1.73325
B14: Consommation moyenne réelle | E14: =IFERROR(AVERAGEIF('Suivi carburant'!J7:J200,">0"),0) -> 14.757097
B16: 🔧 ENTRETIEN & COÛTS TOTAUX
B17: Coût entretien & réparations | E17: =IFERROR(SUM('Entretien & réparations'!G6:G100),0) -> 1845.8
B18: Nombre d'interventions | E18: =IFERROR(COUNTA('Entretien & réparations'!B6:B100),0) -> 9
B19: COÛT TOTAL VÉHICULE 2027 | E19: =IFERROR(SUM('Suivi carburant'!H6:H200)+SUM('Entretien & réparations'!G6:G100),0) -> 3143.2622
B20: Coût au km (carbu + entretien) | E20: =IFERROR((SUM('Suivi carburant'!H6:H200)+SUM('Entretien & réparations'!G6:G100))/SUM('Suivi trajets'!H6:H500),"—") -> 0.67597037
B22: 📊 RÉPARTITION DES TRAJETS PAR MOTIF
B23: Type de trajet | C23: Km parcourus | D23: Nb trajets | F23: Type de trajet | G23: Km parcourus | H23: Nb trajets
B24: Professionnel | C24: =IFERROR(SUMIF('Suivi trajets'!I6:I500,B24,'Suivi trajets'!H6:H500),0) -> 1143 | D24: =IFERROR(COUNTIF('Suivi trajets'!I6:I500,B24),0) -> 10 | F24: Livraison | G24: =IFERROR(SUMIF('Suivi trajets'!I6:I500,F24,'Suivi trajets'!H6:H500),0) -> 0 | H24: =IFERROR(COUNTIF('Suivi trajets'!I6:I500,F24),0) -> 0
B25: Déplacement client | C25: =IFERROR(SUMIF('Suivi trajets'!I6:I500,B25,'Suivi trajets'!H6:H500),0) -> 679 | D25: =IFERROR(COUNTIF('Suivi trajets'!I6:I500,B25),0) -> 7 | F25: Personnel | G25: =IFERROR(SUMIF('Suivi trajets'!I6:I500,F25,'Suivi trajets'!H6:H500),0) -> 205 | H25: =IFERROR(COUNTIF('Suivi trajets'!I6:I500,F25),0) -> 3
B26: Domicile-Travail | C26: =IFERROR(SUMIF('Suivi trajets'!I6:I500,B26,'Suivi trajets'!H6:H500),0) -> 190 | D26: =IFERROR(COUNTIF('Suivi trajets'!I6:I500,B26),0) -> 4 | F26: Autre | G26: =IFERROR(SUMIF('Suivi trajets'!I6:I500,F26,'Suivi trajets'!H6:H500),0) -> 0 | H26: =IFERROR(COUNTIF('Suivi trajets'!I6:I500,F26),0) -> 0
B27: Formation | C27: =IFERROR(SUMIF('Suivi trajets'!I6:I500,B27,'Suivi trajets'!H6:H500),0) -> 108 | D27: =IFERROR(COUNTIF('Suivi trajets'!I6:I500,B27),0) -> 1
B29: 📅 DÉPENSES MENSUELLES CARBURANT
B30: Mois | C30: Litres | D30: Coût (€) | F30: Mois | G30: Litres | H30: Coût (€)
B31: Janvier | C31: =IFERROR(SUMPRODUCT((MONTH(DATEVALUE(SUBSTITUTE(LEFT('Suivi carburant'!B6:B200,10),".","/")))=1)*'Suivi carburant'!F6:F200),0) -> 0 | D31: =IFERROR(SUMPRODUCT((MONTH(DATEVALUE(SUBSTITUTE(LEFT('Suivi carburant'!B6:B200,10),".","/")))=1)*'Suivi carburant'!H6:H200),0) -> 0 | F31: Juillet | G31: =IFERROR(SUMPRODUCT((MONTH(DATEVALUE(SUBSTITUTE(LEFT('Suivi carburant'!B6:B200,10),".","/")))=7)*'Suivi carburant'!F6:F200),0) -> 0 | H31: =IFERROR(SUMPRODUCT((MONTH(DATEVALUE(SUBSTITUTE(LEFT('Suivi carburant'!B6:B200,10),".","/")))=7)*'Suivi carburant'!H6:H200),0) -> 0
B32: Février | C32: =IFERROR(SUMPRODUCT((MONTH(DATEVALUE(SUBSTITUTE(LEFT('Suivi carburant'!B6:B200,10),".","/")))=2)*'Suivi carburant'!F6:F200),0) -> 0 | D32: =IFERROR(SUMPRODUCT((MONTH(DATEVALUE(SUBSTITUTE(LEFT('Suivi carburant'!B6:B200,10),".","/")))=2)*'Suivi carburant'!H6:H200),0) -> 0 | F32: Août | G32: =IFERROR(SUMPRODUCT((MONTH(DATEVALUE(SUBSTITUTE(LEFT('Suivi carburant'!B6:B200,10),".","/")))=8)*'Suivi carburant'!F6:F200),0) -> 0 | H32: =IFERROR(SUMPRODUCT((MONTH(DATEVALUE(SUBSTITUTE(LEFT('Suivi carburant'!B6:B200,10),".","/")))=8)*'Suivi carburant'!H6:H200),0) -> 0
B33: Mars | C33: =IFERROR(SUMPRODUCT((MONTH(DATEVALUE(SUBSTITUTE(LEFT('Suivi carburant'!B6:B200,10),".","/")))=3)*'Suivi carburant'!F6:F200),0) -> 0 | D33: =IFERROR(SUMPRODUCT((MONTH(DATEVALUE(SUBSTITUTE(LEFT('Suivi carburant'!B6:B200,10),".","/")))=3)*'Suivi carburant'!H6:H200),0) -> 0 | F33: Septembre | G33: =IFERROR(SUMPRODUCT((MONTH(DATEVALUE(SUBSTITUTE(LEFT('Suivi carburant'!B6:B200,10),".","/")))=9)*'Suivi carburant'!F6:F200),0) -> 0 | H33: =IFERROR(SUMPRODUCT((MONTH(DATEVALUE(SUBSTITUTE(LEFT('Suivi carburant'!B6:B200,10),".","/")))=9)*'Suivi carburant'!H6:H200),0) -> 0
B34: Avril | C34: =IFERROR(SUMPRODUCT((MONTH(DATEVALUE(SUBSTITUTE(LEFT('Suivi carburant'!B6:B200,10),".","/")))=4)*'Suivi carburant'!F6:F200),0) -> 0 | D34: =IFERROR(SUMPRODUCT((MONTH(DATEVALUE(SUBSTITUTE(LEFT('Suivi carburant'!B6:B200,10),".","/")))=4)*'Suivi carburant'!H6:H200),0) -> 0 | F34: Octobre | G34: =IFERROR(SUMPRODUCT((MONTH(DATEVALUE(SUBSTITUTE(LEFT('Suivi carburant'!B6:B200,10),".","/")))=10)*'Suivi carburant'!F6:F200),0) -> 0 | H34: =IFERROR(SUMPRODUCT((MONTH(DATEVALUE(SUBSTITUTE(LEFT('Suivi carburant'!B6:B200,10),".","/")))=10)*'Suivi carburant'!H6:H200),0) -> 0
B35: Mai | C35: =IFERROR(SUMPRODUCT((MONTH(DATEVALUE(SUBSTITUTE(LEFT('Suivi carburant'!B6:B200,10),".","/")))=5)*'Suivi carburant'!F6:F200),0) -> 0 | D35: =IFERROR(SUMPRODUCT((MONTH(DATEVALUE(SUBSTITUTE(LEFT('Suivi carburant'!B6:B200,10),".","/")))=5)*'Suivi carburant'!H6:H200),0) -> 0 | F35: Novembre | G35: =IFERROR(SUMPRODUCT((MONTH(DATEVALUE(SUBSTITUTE(LEFT('Suivi carburant'!B6:B200,10),".","/")))=11)*'Suivi carburant'!F6:F200),0) -> 0 | H35: =IFERROR(SUMPRODUCT((MONTH(DATEVALUE(SUBSTITUTE(LEFT('Suivi carburant'!B6:B200,10),".","/")))=11)*'Suivi carburant'!H6:H200),0) -> 0
B36: Juin | C36: =IFERROR(SUMPRODUCT((MONTH(DATEVALUE(SUBSTITUTE(LEFT('Suivi carburant'!B6:B200,10),".","/")))=6)*'Suivi carburant'!F6:F200),0) -> 0 | D36: =IFERROR(SUMPRODUCT((MONTH(DATEVALUE(SUBSTITUTE(LEFT('Suivi carburant'!B6:B200,10),".","/")))=6)*'Suivi carburant'!H6:H200),0) -> 0 | F36: Décembre | G36: =IFERROR(SUMPRODUCT((MONTH(DATEVALUE(SUBSTITUTE(LEFT('Suivi carburant'!B6:B200,10),".","/")))=12)*'Suivi carburant'!F6:F200),0) -> 0 | H36: =IFERROR(SUMPRODUCT((MONTH(DATEVALUE(SUBSTITUTE(LEFT('Suivi carburant'!B6:B200,10),".","/")))=12)*'Suivi carburant'!H6:H200),0) -> 0
B37: TOTAL ANNUEL (litres) | C37: =SUM(C31:C36)+SUM(G31:G36) -> 0 | F37: TOTAL COÛT CARBURANT | G37: =SUM(D31:D36)+SUM(H31:H36) -> 0
B40: ℹ Ce tableau de bord se met à jour automatiquement à chaque nouvelle saisie dans les feuilles « Suivi trajets », « Suivi carburant » et « Entretien & réparations »

Sheet Fiche véhicule
B2: CARNET DE BORD VÉHICULE · 2027
B3: Suivi complet : trajets · carburant · entretien · coûts
B5: ■ Cellule à remplir | E5: ■ Calculé automatiquement
B7: 🚗 IDENTIFICATION DU VÉHICULE
B8: Marque | C8: Renault | E8: Année de mise en circulation | F8: 2021
B9: Modèle | C9: Mégane IV 1.5 dCi | E9: Date d'achat | F9: 15/03/2022
B10: Immatriculation | C10: AB-423-CD | E10: Prix d'achat (€) | F10: 22 500
B11: Numéro VIN / châssis | C11: VF1RFB00060123456 | E11: Mode d'acquisition | F11: Achat comptant
B12: Couleur | C12: Gris Platine | E12: Kilométrage à l'achat | F12: 12 450
B13: Type de carburant | C13: Diesel | E13: Propriétaire / Conducteur | F13: Martin Lefebvre
B14: Puissance fiscale (CV) | C14: 6 | E14: Usage principal | F14: Professionnel + Perso
B15: Émissions CO₂ (g/km) | C15: 110 | E15: Assureur | F15: Macif Auto
B17: 📋 ASSURANCE & CONTRÔLE TECHNIQUE
B18: N° contrat assurance | C18: MC-2024-78432 | E18: Date d'échéance assurance | F18: 31/03/2028
B19: Type de couverture | C19: Tous risques | E19: Prime annuelle (€) | F19: 756
B20: Dernier contrôle technique | C20: 12/11/2024 | E20: Prochain contrôle technique | F20: 12/11/2026
B21: Résultat CT | C21: Favorable | E21: Organisme CT | F21: Bureau Veritas
B22: Dernier malus/bonus | C22: Bonus 30 % | E22: Date renouvellement contrat | F22: 31/03/2028
B24: 🔧 CARACTÉRISTIQUES TECHNIQUES
B25: Cylindrée (cm³) | C25: 1 461 | E25: Boîte de vitesses | F25: Manuelle 6 rapports
B26: Consommation homologuée (L/100) | C26: 4,5 | E26: Traction | F26: Traction avant
B27: Pression pneus AV (bar) | C27: 2,3 | E27: Pression pneus AR (bar) | F27: 2,1
B28: Dimension pneus | C28: 205/55 R16 | E28: Charge utile max (kg) | F28: 525
B29: Vidange moteur (km) | C29: 15 000 | E29: Huile moteur préconisée | F29: 5W-30 ACEA C3
B31: ⚠️ ALERTES & RAPPELS À PERSONNALISER
B32: Prochaine vidange (km) | C32: 120 000 | E32: Kilométrage actuel (km) | F32: =IFERROR(MAX('Suivi trajets'!G2:G500),0) -> 110148
B33: Courroie de distribution (km) | C33: 150 000 | E33: Km avant vidange | F33: =IFERROR(B32-'Fiche véhicule'!F32,"—") -> —
B34: Pneus à changer (km) | C34: 160 000 | E34: Km avant courroie | F34: =IFERROR(B33-'Fiche véhicule'!F32,"—") -> —
B35: Prochaine révision (date) | C35: 01/11/2025 | E35: Notes / rappels | F35: Vérifier niveaux liquides

Sheet Suivi trajets
B2: SUIVI DES TRAJETS · 2027
B3: Saisissez chaque trajet ligne par ligne · Le kilométrage, la distance et le coût s'actualisent automatiquement
B5: Date | C5: Départ | D5: Arrivée / Destination | E5: Motif du trajet | F5: Km départ | G5: Km arrivée | H5: Distance (km) | I5: Type de trajet | J5: Conducteur | K5: Observation
B6: 05/01/2027 | C6: Rouen | D6: Paris – Porte de la Chapelle | E6: Réunion client | F6: 107823 | G6: 107930 | H6: =IFERROR(G6-F6,0) -> 107 | I6: Professionnel | J6: Martin Lefebvre
B7: 08/01/2027 | C7: Rouen | D7: Caen – Zone industrielle | E7: Visite chantier | F7: 107930 | G7: 108004 | H7: =IFERROR(G7-F7,0) -> 74 | I7: Professionnel | J7: Martin Lefebvre | K7: Péage A13
B8: 12/01/2027 | C8: Rouen | D8: Le Havre | E8: Livraison dossiers | F8: 108004 | G8: 108090 | H8: =IFERROR(G8-F8,0) -> 86 | I8: Professionnel | J8: Martin Lefebvre
B9: 15/01/2027 | C9: Rouen | D9: Évreux | E9: Domicile-Travail | F9: 108090 | G9: 108145 | H9: =IFERROR(G9-F9,0) -> 55 | I9: Domicile-Travail | J9: Martin Lefebvre
B10: 18/01/2027 | C10: Rouen | D10: Paris – Gare Saint-Lazare | E10: Formation | F10: 108145 | G10: 108253 | H10: =IFERROR(G10-F10,0) -> 108 | I10: Formation | J10: Martin Lefebvre | K10: Parking gare
B11: 22/01/2027 | C11: Rouen | D11: Dieppe | E11: Déplacement client | F11: 108253 | G11: 108318 | H11: =IFERROR(G11-F11,0) -> 65 | I11: Déplacement client | J11: Martin Lefebvre
B12: 25/01/2027 | C12: Rouen | D12: Lisieux | E12: Personnel | F12: 108318 | G12: 108390 | H12: =IFERROR(G12-F12,0) -> 72 | I12: Personnel | J12: S. Lefebvre | K12: Course weekend
B13: 29/01/2027 | C13: Rouen | D13: Amiens | E13: Réunion interne | F13: 108390 | G13: 108507 | H13: =IFERROR(G13-F13,0) -> 117 | I13: Professionnel | J13: Martin Lefebvre
B14: 02/02/2027 | C14: Rouen | D14: Paris – La Défense | E14: Déplacement client | F14: 108507 | G14: 108615 | H14: =IFERROR(G14-F14,0) -> 108 | I14: Déplacement client | J14: Martin Lefebvre
B15: 05/02/2027 | C15: Rouen | D15: Chartres | E15: Livraison | F15: 108615 | G15: 108731 | H15: =IFERROR(G15-F15,0) -> 116 | I15: Professionnel | J15: Martin Lefebvre
B16: 10/02/2027 | C16: Rouen | D16: Honfleur | E16: Personnel | F16: 108731 | G16: 108797 | H16: =IFERROR(G16-F16,0) -> 66 | I16: Personnel | J16: Martin Lefebvre | K16: Week-end en famille
B17: 14/02/2027 | C17: Rouen | D17: Caen | E17: Déplacement client | F17: 108797 | G17: 108872 | H17: =IFERROR(G17-F17,0) -> 75 | I17: Déplacement client | J17: Martin Lefebvre
B18: 18/02/2027 | C18: Rouen | D18: Vernon | E18: Domicile-Travail | F18: 108872 | G18: 108913 | H18: =IFERROR(G18-F18,0) -> 41 | I18: Domicile-Travail | J18: Martin Lefebvre
B19: 21/02/2027 | C19: Rouen | D19: Paris – Orly | E19: Déplacement client | F19: 108913 | G19: 109020 | H19: =IFERROR(G19-F19,0) -> 107 | I19: Déplacement client | J19: Martin Lefebvre | K19: Aéroport
B20: 25/02/2027 | C20: Rouen | D20: Alençon | E20: Professionnel | F20: 109020 | G20: 109130 | H20: =IFERROR(G20-F20,0) -> 110 | I20: Professionnel | J20: Martin Lefebvre
B21: 01/03/2027 | C21: Rouen | D21: Évreux | E21: Domicile-Travail | F21: 109130 | G21: 109185 | H21: =IFERROR(G21-F21,0) -> 55 | I21: Domicile-Travail | J21: Martin Lefebvre
B22: 05/03/2027 | C22: Rouen | D22: Paris – Châtelet | E22: Réunion client | F22: 109185 | G22: 109293 | H22: =IFERROR(G22-F22,0) -> 108 | I22: Déplacement client | J22: Martin Lefebvre
B23: 09/03/2027 | C23: Rouen | D23: Le Mans | E23: Professionnel | F23: 109293 | G23: 109443 | H23: =IFERROR(G23-F23,0) -> 150 | I23: Professionnel | J23: Martin Lefebvre
B24: 12/03/2027 | C24: Rouen | D24: Giverny | E24: Personnel | F24: 109443 | G24: 109510 | H24: =IFERROR(G24-F24,0) -> 67 | I24: Personnel | J24: S. Lefebvre | K24: Visite Monet
B25: 16/03/2027 | C25: Rouen | D25: Caen – Tribunal | E25: Professionnel | F25: 109510 | G25: 109585 | H25: =IFERROR(G25-F25,0) -> 75 | I25: Professionnel | J25: Martin Lefebvre
B26: 20/03/2027 | C26: Rouen | D26: Bayeux | E26: Déplacement client | F26: 109585 | G26: 109731 | H26: =IFERROR(G26-F26,0) -> 146 | I26: Déplacement client | J26: Martin Lefebvre | K26: Km autoroute
B27: 24/03/2027 | C27: Rouen | D27: Louviers | E27: Domicile-Travail | F27: 109731 | G27: 109770 | H27: =IFERROR(G27-F27,0) -> 39 | I27: Domicile-Travail | J27: Martin Lefebvre
B28: 28/03/2027 | C28: Rouen | D28: Paris – CDG | E28: Professionnel | F28: 109770 | G28: 109882 | H28: =IFERROR(G28-F28,0) -> 112 | I28: Professionnel | J28: Martin Lefebvre | K28: Vol Paris-Lyon
B29: 01/04/2027 | C29: Rouen | D29: Fécamp | E29: Déplacement client | F29: 109882 | G29: 109952 | H29: =IFERROR(G29-F29,0) -> 70 | I29: Déplacement client | J29: Martin Lefebvre
B30: 05/04/2027 | C30: Rouen | D30: Cherbourg | E30: Professionnel | F30: 109952 | G30: 110148 | H30: =IFERROR(G30-F30,0) -> 196 | I30: Professionnel | J30: Martin Lefebvre | K30: Journée complète
B31: TOTAL DISTANCE | H31: =SUM(H6:H30) -> 2325

Sheet Suivi carburant
B2: SUIVI CARBURANT · 2027
B3: Enregistrez chaque plein · La consommation réelle et le coût aux 100 km sont calculés automatiquement
B5: Date | C5: Station / Lieu | D5: Type carburant | E5: Km au compteur | F5: Litres approvisionnés | G5: Prix/litre (€) | H5: Coût total (€) | I5: Km depuis dernier plein | J5: Conso réelle (L/100 km) | K5: Plein complet ?
B6: 07/01/2027 | C6: Total – Rouen Nord | D6: Diesel | E6: 107900 | F6: 48.5 | G6: 1.738 | H6: =IFERROR(F6*G6,0) -> 84.293 | I6: — | J6: — | K6: Oui
B7: 21/01/2027 | C7: BP – Évreux | D7: Diesel | E7: 108200 | F7: 42 | G7: 1.725 | H7: =IFERROR(F7*G7,0) -> 72.45 | I7: =IFERROR(E7-E6,"—") -> 300 | J7: =IFERROR(F7*100/(E7-E6),"—") -> 14 | K7: Oui
B8: 04/02/2027 | C8: Total – Paris A13 | D8: Diesel | E8: 108570 | F8: 50.2 | G8: 1.762 | H8: =IFERROR(F8*G8,0) -> 88.4524 | I8: =IFERROR(E8-E7,"—") -> 370 | J8: =IFERROR(F8*100/(E8-E7),"—") -> 13.567568 | K8: Oui
B9: 18/02/2027 | C9: Intermarché – Rouen | D9: Diesel | E9: 108890 | F9: 44.8 | G9: 1.699 | H9: =IFERROR(F9*G9,0) -> 76.1152 | I9: =IFERROR(E9-E8,"—") -> 320 | J9: =IFERROR(F9*100/(E9-E8),"—") -> 14 | K9: Oui
B10: 03/03/2027 | C10: Total – Caen Est | D10: Diesel | E10: 109200 | F10: 46.5 | G10: 1.741 | H10: =IFERROR(F10*G10,0) -> 80.9565 | I10: =IFERROR(E10-E9,"—") -> 310 | J10: =IFERROR(F10*100/(E10-E9),"—") -> 15 | K10: Oui
B11: 17/03/2027 | C11: BP – Le Mans | D11: Diesel | E11: 109520 | F11: 51 | G11: 1.758 | H11: =IFERROR(F11*G11,0) -> 89.658 | I11: =IFERROR(E11-E10,"—") -> 320 | J11: =IFERROR(F11*100/(E11-E10),"—") -> 15.9375 | K11: Oui
B12: 31/03/2027 | C12: E.Leclerc – Rouen | D12: Diesel | E12: 109850 | F12: 43.2 | G12: 1.689 | H12: =IFERROR(F12*G12,0) -> 72.9648 | I12: =IFERROR(E12-E11,"—") -> 330 | J12: =IFERROR(F12*100/(E12-E11),"—") -> 13.090909 | K12: Oui
B13: 14/04/2027 | C13: Total – Bayeux | D13: Diesel | E13: 110120 | F13: 47.8 | G13: 1.754 | H13: =IFERROR(F13*G13,0) -> 83.8412 | I13: =IFERROR(E13-E12,"—") -> 270 | J13: =IFERROR(F13*100/(E13-E12),"—") -> 17.703704 | K13: Oui
B14: TOTAUX & MOYENNES | F14: =SUM(F6:F13) -> 374 | G14: =IFERROR(AVERAGE(G6:G13),0) -> 1.73325 | H14: =SUM(H6:H13) -> 648.7311 | I14: =SUM(I6:I13) -> 2220 | J14: =IFERROR(AVERAGEIF(J6:J13,">0"),0) -> 14.757097

Sheet Entretien & réparations
B2: ENTRETIEN & RÉPARATIONS · 2027
B3: Consignez toutes les interventions · vidanges, révisions, réparations, pneumatiques, contrôle technique…
B5: Date | C5: Nature de l'intervention | D5: Prestataire / Garage | E5: Km au compteur | F5: Montant HT (€) | G5: Montant TTC (€) | H5: Catégorie | I5: Facture n°
B6: 15/01/2027 | C6: Vidange moteur + filtre à huile | D6: Renault Rouen Rive Droite | E6: 108200 | F6: 89.17 | G6: 107 | H6: Vidange & filtres | I6: FAC-2027-0042
B7: 15/01/2027 | C7: Filtre à air + filtre habitacle | D7: Renault Rouen Rive Droite | E7: 108200 | F7: 34.17 | G7: 41 | H7: Vidange & filtres | I7: FAC-2027-0042
B8: 02/02/2027 | C8: Contrôle technique (passage) | D8: Bureau Veritas – Rouen | E8: 108500 | G8: 79 | H8: Contrôle technique | I8: CT-2027-0214
B9: 18/02/2027 | C9: Remplacement plaquettes frein AV | D9: Norauto Rouen | G9: 124.9 | H9: Freinage | I9: FA-NOR-27401
B10: 05/03/2027 | C10: Gonflage pneus + équilibrage | D10: Point S – Évreux | E10: 109200 | G10: 29 | H10: Pneumatiques | I10: TPS-0301
B11: 20/03/2027 | C11: Remplacement 2 pneus AV 205/55R16 | D11: Point S – Évreux | E11: 109500 | F11: 193.33 | G11: 232 | H11: Pneumatiques | I11: TPS-0302
B12: 02/04/2027 | C12: Révision annuelle 30 000 km | D12: Renault Rouen Rive Droite | E12: 110000 | F12: 208.33 | G12: 250 | H12: Révision périodique | I12: FAC-2027-0621
B13: 02/04/2027 | C13: Changement bougie préchauffage | D13: Renault Rouen Rive Droite | E13: 110000 | F13: 50 | G13: 60 | H13: Révision périodique | I13: FAC-2027-0621
B14: TOTAL ENTRETIEN & RÉPARATIONS (TTC) | G14: =SUM(G6:G13) -> 922.9
